 Dungeon Crawl Stone Soup version 0.28-a0-1344-g6b9ff3a05d (webtiles) character file.

Game seed: 1477192068063445758

8 Deminshera the Skirmisher (level 2, -1/24 HPs)
             Began as a Demonspawn Abyssal Knight on Dec 29, 2021.
             Was a Follower of Lugonu.
             Slain by Robin (5 damage)
             ... on level 2 of the Dungeon.
             The game lasted 00:00:26 (175 turns).

Deminshera the Skirmisher (DsAK)                     Turns: 175, Time: 00:00:27

Health: -1/24      AC:  3    Str: 13    XL:     2   Next: 0%
Magic:  3/3        EV: 11    Int: 11    God:    Lugonu [*.....]
Gold:   0          SH:  0    Dex: 13    Spells: 1/1 levels left

rFire   . . .      SeeInvis .   a - +1 falchion
rCold   . . .      Faith    .   (no shield)
rNeg    . . .      Spirit   .   b - +0 leather armour
rPois   .          Reflect  .   (no helmet)
rElec   .          Harm     .   (no cloak)
rCorr   .          Rampage  .   (no gloves)
Will    .....                   (no boots)
Stlth   ++........              (no amulet)
HPRegen 0.08/turn               (no ring)
MPRegen 0.08/turn               (no ring)

@: no status effects
A: demonic magic 1
a: Renounce Religion, Depart the Abyss


You were on level 2 of the Dungeon.
You worshipped Lugonu.
Lugonu was aware of your devotion.
You visited 1 branch of the dungeon, and saw 2 of its levels.
You visited the Abyss 1 time.

Inventory:

Hand Weapons
 a - a +1 falchion (weapon)
Armour
 b - a +0 leather armour (worn)
Potions
 c - a potion of brilliance {unknown}


   Skills:
 - Level 3.0 Fighting
 - Level 1.7 Long Blades
 - Level 1.7 Armour
 - Level 0.8 Dodging
 + Level 1.6 Stealth
 - Level 2.4 Invocations


You had one spell level left.
You didn't know any spells.
Your spell library was empty.

Dungeon Overview and Level Annotations

Branches:
Dungeon (1/15)

Altars:

Annotations:
D:2 Robin


Innate Abilities, Weirdness & Mutations

Spells you cast may paralyse adjacent enemies.


Message History

The goblin closely misses you.
You hit the goblin.
You kill the goblin!
Lugonu accepts your kill. The hobgoblin hits you.
You hit the hobgoblin.
The hobgoblin is heavily wounded.
Robin says, "Feeling lonely?"
The hobgoblin barely misses you.
You slash the hobgoblin!
You kill the hobgoblin!
Lugonu accepts your kill.
You hit the goblin.
The goblin is severely wounded.
Robin says, "We wiped out the hill dwarves - you're next!"
The goblin hits you with a +0 club.
You closely miss the goblin.
The goblin is severely wounded.
Robin roars a battlecry!
The goblins go into a battle-frenzy!
The goblin hits you with a +0 club. Robin throws the goblin at you!
The goblin barely misses you.
You hit the goblin.
You kill the goblin!
Lugonu accepts your kill. The goblin hits you with a +0 dagger.
You have reached level 2!
Your demonic ancestry asserts itself...
A menacing aura infuses your magic.
You are too injured to fight recklessly!
You are too injured to fight recklessly!
The goblin hits you with a +0 dagger.
* * * LOW HITPOINT WARNING * * *
Robin throws the goblin at you!
* * * LOW HITPOINT WARNING * * *
You miss the goblin. The goblin hits you with a +0 dagger.
* * * LOW HITPOINT WARNING * * *
You miss the goblin. The goblin hits you but does no damage.
Robin hits you with a +0 short sword.
You die...

###########
#)g@g......
#g#########
#)# #g# #.#
#g# #)# #.#
#.#


You could see Robin, a hobgoblin (strong) and a goblin (strong).

Vanquished Creatures
  An endoplasm (D:1)
  2 goblins (D:2)
  2 hobgoblins
  A quokka (D:1)
6 creatures vanquished.

Notes
Turn   | Place    | Note
-------+----------+-------------------------------------------
     0 | Abyss:1  | Deminshera the Demonspawn Abyssal Knight began the quest
                  | for the Orb.
     0 | Abyss:1  | Reached XP level 1. HP: 18/18 MP: 2/2
     9 | D:1      | Escaped the Abyss
    71 | D:1      | Reached skill level 1 in Stealth
   164 | D:1      | You fall into a shaft and drop 1 floor!
   164 | D:2      | Noticed Robin
   172 | D:2      | Gained mutation: Spells you cast may paralyse adjacent
                  | enemies. [demonic ancestry]
   172 | D:2      | Reached XP level 2. HP: 8/24 MP: 3/3
   175 | D:2      | Slain by Robin

Illustrated notes

Levels and vault maps discovered:
D:1:      sevenhm_arrival_forest_fort_large_4, layout_rooms,
          hellmonk_ecumenical_altar_dog_temple, minmay_door_square
D:2:      layout_loops_ring, uniq_robin, uniq_jessica

Skill      XL: |  1 |
---------------+----+-----
Stealth        | 1 |  1.6
Fighting       | |  3.0
Long Blades    | |  1.7
Armour         | |  1.7
Dodging        | |  0.8
Invocations    | |  2.4

Action                   || total
-------------------------++-------
Melee: Falchion          ||    17
Armor: Leather armour    ||     1
Dodge: Dodged            ||     9

Table legend: (Time is in decaauts)
 A = Elapsed time spent in this place.
 B = Non-inter-level travel time spent in this place.
 C = Inter-level travel time spent in this place.
 D = Time resting spent in this place.
 E = Time spent auto-exploring this place.
 F = Levels seen in this place.
 G = Mean time per level.
                   A        B        C        D        E       F      G
               +--------+--------+--------+--------+--------+-----+--------+
         Total |    177 |    177 |      0 |      0 |    136 |   3 |   59.0 |
       Dungeon |    168 |    168 |      0 |      0 |    134 |   2 |   84.0 |
         Abyss |      9 |      9 |      0 |      0 |      2 |   1 |    9.0 |
               +--------+--------+--------+--------+--------+-----+--------+

Top non-repeatable levels by time:
     D:1: 156 daAuts
     D:2: 12 daAuts
 Abyss:1: 9 daAuts
